 Dungeon Crawl Stone Soup version 0.29-a0-284-gf9362112df (webtiles) character file.

Game seed: 8267795022915403095

2459 siradein the Fighter (level 9, -6/105 HPs)
             Began as an Ogre Hunter on Mar 18, 2022.
             Was a Believer of Okawaru.
             Mangled by a black bear (8 damage)
             ... on level 7 of the Dungeon.
             The game lasted 00:27:06 (9055 turns).

siradein the Fighter (Ogre Hunter)                  Turns: 9055, Time: 00:27:06

Health: -6/105     AC:  9    Str: 17    XL:     9   Next: 50%
Magic:  11/11      EV: 12    Int: 10    God:    Okawaru [**....]
Gold:   293        SH:  0    Dex: 16    Spells: 8/8 levels left

rFire   . . .      SeeInvis .   b - +4 morningstar
rCold   . . .      Faith    .   (no shield)
rNeg    . . .      Spirit   .   B - +0 robe
rPois   .          Reflect  .   l - +2 hat
rElec   .          Harm     .   (no cloak)
rCorr   .          Rampage  .   (gloves unavailable)
Will    .....                   (boots unavailable)
Stlth   ++........              (no amulet)
HPRegen 0.27/turn               d - ring of wizardry
MPRegen 0.12/turn               p - +4 ring of protection

@: no status effects
A: large, unfitting armour, tough skin 1, robust 1, MP-powered wands
a: Renounce Religion, Heroism


You were on level 7 of the Dungeon.
You worshipped Okawaru.
Okawaru was pleased with you.
You visited 2 branches of the dungeon, and saw 8 of its levels.
You also visited: Sewer.

You collected 293 gold pieces.

Inventory:

Hand Weapons
 a - a +1 hand crossbow
 b - a +4 morningstar (weapon)
 c - a +1 mace of holy wrath
Missiles
 y - a throwing net
 z - 3 curare-tipped darts
Armour
 l - a +2 hat (worn)
 B - a +0 robe (worn)
Jewellery
 d - a ring of wizardry (left hand)
 m - a +6 ring of intelligence
 p - a +4 ring of protection (right hand)
 t - a ring of ice
 A - a +6 ring of intelligence
 F - a ring of ice
Scrolls
 e - 2 scrolls of magic mapping
 g - a scroll of vulnerability {unknown}
 k - a scroll of amnesia {unknown}
 n - a scroll of fog {unknown}
 v - a scroll of teleportation
 w - a scroll of fear {unknown}
 D - a scroll of summoning {unknown}
 E - 3 scrolls of noise {unknown}
Potions
 f - 2 potions of lignification
 h - 3 potions of attraction
 i - a potion of degeneration {unknown}
 j - 4 potions of mutation
 o - a potion of flight {unknown}
 q - 2 potions of berserk rage
 r - 2 potions of haste {unknown}
 s - a potion of resistance {unknown}
 u - a potion of curing {unknown}
 x - 2 potions of cancellation {unknown}
 C - a potion of invisibility {unknown}


   Skills:
 + Level 8.2 Fighting
 * Level 6.5 Crossbows
 + Level 5.6 Dodging
 - Level 0.6 Stealth
 + Level 3.3 Invocations
 + Level 3.4 Evocations


You had 8 spell levels left.
You didn't know any spells.
Your spell library contained the following spells:

 Spells                   Type           Power      Damage    Failure   Level
 Sublimation of Blood     Necr           0%         N/A       22%         2
 Gell's Gravitas          Tloc           0%         N/A       41%         3
 Teleport Other           Tloc           0%         N/A       41%         3
 Petrify                  Tmut/Erth      0%         N/A       80%         4
 Irradiate                Conj/Tmut      0%         3d14      98%         5
 Dispersal                Tloc           0%         N/A       100%        6
 Chain Lightning          Conj/Air       0%         N/A       100%        9
 Fire Storm               Conj/Fire      0%         5d1       100%        9
 Shatter                  Erth           0%         3d5*      100%        9


Dungeon Overview and Level Annotations

Branches:
Dungeon (7/15)             Temple (1/1) D:5           Sewer (visited)

Altars:
Ashenzari
Cheibriados
Dithmenos
Elyvilon
Fedhas
Gozag
Hepliaklqana
Makhleb
Nemelex Xobeh
Okawaru
Qazlal
Ru
Sif Muna
Trog
Vehumet
Xom
Yredelemnul
Zin
The Shining One


Innate Abilities, Weirdness & Mutations

You are too large for most types of armour.
You have tough skin. (AC +1)
You are robust. (+10% HP)
You expend magic power (3 MP) to strengthen your wands.


Message History

The black bear bites you but does no damage.
The black bear claws you.
* * * LOW HITPOINT WARNING * * *
The black bear claws you but does no damage.
You hit the black bear.
The black bear is moderately wounded.
The black bear bites you but does no damage.
The black bear claws you but does no damage. x2
The black bear barely misses you. The black bear claws you.
* * * LOW HITPOINT WARNING * * *
The black bear claws you but does no damage.
You barely miss the black bear.
The black bear is moderately wounded.
The black bear bites you but does no damage.
The black bear misses you. The black bear closely misses you.
You hit the black bear.
The black bear is heavily wounded.
The black bear bites you but does no damage.
The black bear claws you.
* * * LOW HITPOINT WARNING * * *
The black bear misses you. x2
The black bear claws you but does no damage. x2
Your movement speed is average.
Your attack delay is about 1.5.
You sock the black bear!
The black bear is almost dead.
The black bear goes berserk!
You closely miss the black bear.
The black bear is almost dead.
The black bear bites you but does no damage.
The black bear claws you but does no damage.
The black bear closely misses you. The black bear bites you!
* * * LOW HITPOINT WARNING * * *
The black bear closely misses you. The black bear claws you.
* * * LOW HITPOINT WARNING * * *
You barely miss the black bear.
The black bear is almost dead.
The black bear misses you. The black bear barely misses you.
The black bear claws you but does no damage.
The black bear bites you!
You die...

### ..# ########(# #......#.#
#......#.#
.#......#.####################
............h@................
#......#.####################
........#.# ........#.#
.....####.# ..... #.# .... #.#
..h ... ... #.#


You could see a black bear (berserk).

Vanquished Creatures
  A troll (D:7)
  Sigmund (D:2)
  Pargi (Sewer)
  An ice beast (D:6)
  A sky beast (D:7)
  3 ogres
  2 black bears (D:5)
  A centaur (D:6)
  3 phantoms
  A necrophage (D:6)
  A gnoll sergeant (D:5)
  2 scorpions
  3 wights
  2 jellies
  An orc priest (D:6)
  3 hounds
  2 gnoll shamans
  An iguana (D:5)
  An orc wizard (D:6)
  Natasha (thrice) (D:2)
  7 adders
  17 gnolls
  2 river rats (D:4)
  2 white imps
  An ufetubus (D:4)
  A worm (D:2)
  A dart slug (D:2)
  8 orcs
  A ball python (D:4)
  8 bats
  4 endoplasms
  A giant cockroach (D:2)
  4 goblins
  6 hobgoblins
  10 jackals
  A quokka (D:3)
  4 frilled lizards
  5 kobolds
  9 rats
126 creatures vanquished.

Notes
Turn   | Place    | Note
-------+----------+-------------------------------------------
     0 | D:1      | siradein the Ogre Hunter began the quest for the Orb.
     0 | D:1      | Reached XP level 1. HP: 22/22 MP: 1/1
    26 | D:1      | Found a faded altar of an unknown god.
    28 | D:1      | Noticed a great orb of eyes
    29 | D:1      | Noticed a great orb of eyes
    29 | D:1      | Noticed a shining eye
    29 | D:1      | Noticed a floating eye
   209 | D:1      | Reached skill level 3 in Fighting
   209 | D:1      | Reached XP level 2. HP: 14/31 MP: 2/2
  1079 | D:1      | Reached XP level 3. HP: 23/37 MP: 3/3
  1221 | D:2      | Noticed Natasha
  1228 | D:2      | Killed Natasha
  1268 | D:2      | Reached XP level 4. HP: 38/48 MP: 4/4
  1377 | D:2      | Noticed Natasha
  1382 | D:2      | Killed Natasha
  1383 | D:2      | Reached skill level 4 in Fighting
  1520 | D:2      | Noticed Natasha
  1533 | D:2      | Killed Natasha
  1534 | D:2      | Reached XP level 5. HP: 34/55 MP: 5/5
  1914 | D:2      | Noticed Sigmund
  1918 | D:2      | Killed Sigmund
  1919 | D:2      | Reached skill level 5 in Fighting
  1919 | D:2      | Reached XP level 6. HP: 66/66 MP: 6/6
  3090 | D:4      | Found a basalt altar of Yredelemnul.
  3151 | D:4      | Found a glowing drain.
  3176 | Sewer    | Entered a sewer
  3256 | Sewer    | Noticed Pargi
  3263 | Sewer    | Killed Pargi
  3264 | Sewer    | Reached XP level 7. HP: 42/74 MP: 7/7
  3800 | D:4      | Gained mutation: You are frail. (-10% HP) [potion of
                  | mutation]
  3800 | D:4      | Gained mutation: You tend to lose your temper in combat.
                  | [potion of mutation]
  3801 | D:4      | Lost mutation: You are frail. (-10% HP) [potion of
                  | mutation]
  3801 | D:4      | Lost mutation: You tend to lose your temper in combat.
                  | [potion of mutation]
  3801 | D:4      | Gained mutation: Armour fits poorly on your strangely
                  | shaped body. [potion of mutation]
  3802 | D:4      | Lost mutation: Armour fits poorly on your strangely shaped
                  | body. [potion of mutation]
  3802 | D:4      | Gained mutation: You are robust. (+10% HP) [potion of
                  | mutation]
  3802 | D:4      | Gained mutation: You expend magic power (3 MP) to
                  | strengthen your wands. [potion of mutation]
  3917 | D:5      | Entered Level 5 of the Dungeon
  4402 | D:5      | Reached skill level 6 in Fighting
  4955 | D:5      | Reached skill level 1 in Evocations
  5166 | D:5      | Reached skill level 5 in Crossbows
  5546 | D:5      | Reached XP level 8. HP: 73/92 MP: 8/8
  5778 | D:5      | Found a staircase to the Ecumenical Temple.
  5787 | Temple   | Entered the Ecumenical Temple
  6087 | Temple   | Became a worshipper of Warmaster Okawaru
  6474 | D:5      | Found a shadowy altar of Dithmenos.
  6499 | D:5      | Reached skill level 7 in Fighting
  6499 | D:5      | Reached skill level 1 in Invocations
  6984 | D:6      | Found a sacrificial altar of Ru.
  7098 | D:5      | Reached * piety under Okawaru
  7099 | D:5      | Reached skill level 5 in Dodging
  7783 | D:6      | Reached XP level 9. HP: 98/101 MP: 10/10
  8715 | D:7      | Reached ** piety under Okawaru
  8872 | D:7      | Reached skill level 8 in Fighting
  9013 | D:7      | Noticed a troll
  9048 | D:7      | Killed a troll
  9054 | D:7      | HP: 2/105 [black bear (5)]
  9055 | D:7      | Mangled by a black bear

Illustrated notes

Levels and vault maps discovered:
D:1:      erik_arrival_orb_chamber, layout_loops_ring,
          hellmonk_ecumenical_altar_watching_god
D:2:      layout_rooms, uniq_natasha, uniq_sigmund
D:3:      layout_loops_ring
D:4:      nicolae_cairo_tiling_large_dashed, layout_cave_pods,
          yredelemnul_altar_generic, portal_sewer_entry_b,
          minmay_misc_feat_enclosed
D:5:      layout_rooms, nicolae_dithmenos_shadow_blocks,
          minmay_temple_entry_ruins, amcnicky_mini_corridor_feature
D:6:      layout_basic, mainiacjoe_overflow_tiny_flanked
D:7:      layout_basic
Temple:   minmay_temple_bridge_d

Skill      XL: |  1  2  3  4  5  6  7  8  9 |
---------------+----------------------------+-----
Crossbows      | 3 4 5 6 |  6.5
Fighting       | 3 4 5 6 7 8 |  8.2
Dodging        | 2 3 4 5 |  5.6
Evocations     | 1 2 3 |  3.4
Invocations    | 2 3 |  3.3
Stealth        | |  0.6

Action                   |  1- 3 |  4- 6 |  7- 9 || total
-------------------------+-------+-------+-------++-------
Melee: Morningstar       |       |       |    96 ||    96
       Mace              |       |       |    17 ||    17
       Punch             |       |       |     3 ||     3
 Fire: Hand crossbow     |    87 |   148 |   322 ||   557
Invok: Heroism           |       |       |     1 ||     1
  Use: Scroll            |       |     1 |     5 ||     6
       Potion            |       |       |     3 ||     3
Armor: Robe              |    32 |    55 |   190 ||   277
Dodge: Dodged            |    23 |    75 |   252 ||   350

Table legend: (Time is in decaauts)
 A = Elapsed time spent in this place.
 B = Non-inter-level travel time spent in this place.
 C = Inter-level travel time spent in this place.
 D = Time resting spent in this place.
 E = Time spent auto-exploring this place.
 F = Levels seen in this place.
 G = Mean time per level.
                   A        B        C        D        E       F      G
               +--------+--------+--------+--------+--------+-----+--------+
         Total |   9270 |   8906 |    364 |   1623 |   5184 |   9 | 1030.0 |
       Dungeon |   8611 |   8395 |    216 |   1482 |   4901 |   7 | 1230.1 |
        Temple |    372 |    224 |    148 |      0 |    214 |   1 |  372.0 |
         Sewer |    286 |    286 |      0 |    141 |     69 |   1 |  286.0 |
               +--------+--------+--------+--------+--------+-----+--------+

Top non-repeatable levels by time:
     D:4: 2403 daAuts
     D:5: 1812 daAuts
     D:1: 1225 daAuts
     D:6: 1047 daAuts
     D:2: 821 daAuts
     D:7: 717 daAuts
     D:3: 582 daAuts
  Temple: 372 daAuts
   Sewer: 286 daAuts
